 Dungeon Crawl Stone Soup version 0.20.1-1-g8b1a95d (webtiles) character file.

162 Morovir the Chopper (level 5, -3/47 HPs)
             Began as a Hill Orc Berserker on Aug 31, 2017.
             Was a Priest of Trog.
             Slain by a black bear (5 damage)
             ... on level 3 of the Dungeon.
             The game lasted 00:18:31 (2779 turns).

Morovir the Chopper (Hill Orc Berserker)            Turns: 2779, Time: 00:18:32

Health: -3/47      AC:  9    Str: 20    XL:     5   Next: 43%
Magic:  5/5        EV:  8    Int:  7    God:    Trog [***...]
Gold:   82         SH:  0    Dex: 11    Spells: 4/4 levels left

rFire    . . .     SeeInvis .   w - +0 scimitar
rCold    . . .     Gourm    .   (no shield)
rNeg     . . .     Faith    .   t - +0 chain mail
rPois    .         Spirit   .   (no helmet)
rElec    .         Reflect  .   (no cloak)
rCorr    .         Harm     .   (no gloves)
MR       .....                  (no boots)
Stlth    ..........             (no amulet)
Regen    0.2/turn               (no ring)
MPRegen  0.1/turn               (no ring)

@: no status effects
A: no striking features
a: Berserk, Trog's Hand, Burn Spellbooks, Renounce Religion


You were on level 3 of the Dungeon.
You worshipped Trog.
Trog was most pleased with you.
You were very hungry.

You visited 1 branch of the dungeon, and saw 3 of its levels.

You collected 82 gold pieces.

Inventory:

Hand Weapons
 a - a +0 hand axe
 h - a cursed -3 short sword
 i - a +0 hand axe of chopping
 r - a +0 hunting sling
 v - a +0 flail
 w - a +0 scimitar (weapon)
 z - a +0 halberd
Missiles
 g - 69 arrows (quivered)
Armour
 b - a +0 animal skin
 j - a +0 robe
 p - a +0 leather armour
 t - a +0 chain mail (worn)
 x - a +0 scale mail
Jewellery
 k - a cursed ring of loudness {unknown}
 o - a cursed ring of teleportation {unknown}
Scrolls
 f - 3 scrolls of teleportation
 n - 2 scrolls of remove curse
 u - a scroll of amnesia
 y - 3 scrolls of fear
Potions
 d - a potion of haste {unknown}
 e - a potion of ambrosia {unknown}
 m - a potion of curing {unknown}
 q - a potion of degeneration {unknown}
 s - 2 potions of berserk rage {unknown}
Comestibles
 c - 2 bread rations
 l - a royal jelly


   Skills:
 + Level 4.4 Fighting
 + Level 5.7 Axes
 + Level 2.9 Armour
 + Level 2.7 Dodging
 + Level 0.3 Stealth


You had 4 spell levels left.
You didn't know any spells.

Dungeon Overview and Level Annotations

Branches:
Dungeon (3/15)

Altars:


Message History

You barely miss the black bear.
The black bear is almost dead.
The black bear claws you.
The black bear claws you but does no damage.
The black bear bites you but does no damage.
The black bear claws you but does no damage.
The black bear barely misses you.
The black bear goes berserk!
The black bear bites you!
* * * LOW HITPOINT WARNING * * *
The black bear claws you but does no damage.
The black bear barely misses you. The black bear bites you.
* * * LOW HITPOINT WARNING * * *
The black bear claws you but does no damage. x2
The quokka bites you.
* * * LOW HITPOINT WARNING * * *
You hit the black bear but do no damage.
The black bear is almost dead.
The black bear bites you.
You die...

...# ##.# # ### # #.#
#.#.. .# #.# # #.#.#
..### #.#
#.#.#.##..... #.#
#........# #.#
#..<...# ##.##
###.#### #.>.#####
##@.#
........#######.hr####
.................J...+
#.....#.#######.....##
##..#.#.# ##.##.#
##..#.#.# ####.####...
##..#.#.# #........
........# #.######.
##..#.### #!#


You could see a black bear (berserk), an ooze and a quokka.

Vanquished Creatures
  A worker ant (D:3)
  3 gnolls (D:3)
  3 adders (D:2)
  2 oozes
  A worm (D:2)
  A leopard gecko (D:1)
  An orc (D:3)
  2 ball pythons
  8 bats
  7 goblins
  9 hobgoblins
  4 jackals (D:2)
  6 frilled lizards
  14 kobolds
  9 rats
71 creatures vanquished.

Notes
Turn   | Place    | Note
-------+----------+-------------------------------------------
     0 | D:1      | Morovir the Hill Orc Berserker began the quest for the Orb.
     0 | D:1      | Reached XP level 1. HP: 19/19 MP: 1/1
   249 | D:1      | HP: 1/20 [kobold/short sword (5)]
   285 | D:1      | Reached XP level 2. HP: 5/27 MP: 2/2
   288 | D:1      | HP: 1/27 [kobold/short sword (4)]
   605 | D:1      | Reached XP level 3. HP: 16/33 MP: 3/3
   670 | D:1      | Reached ** piety under Trog
  1399 | D:2      | Reached skill level 5 in Axes
  1422 | D:2      | Reached XP level 4. HP: 31/40 MP: 4/4
  2332 | D:3      | Reached XP level 5. HP: 22/47 MP: 5/5
  2372 | D:3      | Reached *** piety under Trog
  2754 | D:3      | Noticed a black bear
  2778 | D:3      | HP: 2/47 [quokka (2)]
  2779 | D:3      | Slain by a black bear

Skill      XL: |  1  2  3 |
---------------+----------+-----
Fighting       | 4 |  4.4
Dodging        | 2 |  2.7
Axes           | 5 |  5.7
Armour         | |  2.9
Stealth        | |  0.3

Action                   |  1- 3 |  4- 6 || total
-------------------------+-------+-------++-------
Melee: Hand axe          |   138 |    58 ||   196
       Scimitar          |       |    30 ||    30
  Use: Scroll            |     3 |     2 ||     5
  Eat: Meat ration       |     1 |       ||     1
Armor: Animal skin       |    28 |       ||    28
       Leather armour    |     5 |    17 ||    22
       Chain mail        |       |    56 ||    56
Dodge: Dodged            |   109 |    95 ||   204
       Rpst.: Scimitar   |       |     8 ||     8
